 Dungeon Crawl Stone Soup version 0.18-a0-1577-gf591c28 (webtiles) character file.

39199 Omaping the Severer (level 14, -7/130 HPs)
             Began as a Hill Orc Fighter on Mar 21, 2016.
             Was a High Priest of Trog.
             Mangled by an orc knight
             ... wielding a +0 bardiche
              (31 damage)
             ... on level 2 of the Orcish Mines on Mar 22, 2016.
             The game lasted 02:13:41 (20942 turns).

Omaping the Severer (Hill Orc Fighter)             Turns: 20942, Time: 02:13:41

Health: -7/130     AC: 26    Str: 27      XL:     14   Next: 5%
Magic:  18/18      EV:  8    Int:  7 (8)  God:    Trog [*****.]
Gold:   950        SH:  5    Dex: 10 (11) Spells: 0 memorised, 13 levels left

rFire  . . .     SeeInvis .     M - +3 battleaxe
rCold  . . .     Gourm    .     T - +1 plate armour
rNeg   . . .     Faith    .     (shield currently unavailable)
rPois  .         Spirit   .     (no helmet)
rElec  .         Dismiss  .     K - +1 cloak
rCorr  .         Reflect  +     I - +0 pair of gloves
SustAt .         Harm     .     b - +2 pair of boots
MR     +....                    w - +5 amulet of reflection
Stlth  ..........               v - +4 ring of strength
                                e - +3 ring of protection

@: drained, somewhat resistant to hostile enchantments, extremely unstealthy
A: no striking features
a: Berserk, Trog's Hand, Brothers in Arms, Burn Spellbooks, Renounce Religion


You were on level 2 of the Orcish Mines.
You worshipped Trog.
Trog was extremely pleased with you.
You were not hungry.

You visited 4 branches of the dungeon, and saw 20 of its levels.
You also visited: Volcano.

You collected 1251 gold pieces.
You spent 301 gold pieces at shops.

Inventory:

Hand Weapons
 n - a +1 mace of holy wrath
 M - a +3 battleaxe (weapon)
 V - a +0 longbow of flaming
 Y - a +2 war axe of flaming
Missiles
 d - 293 arrows
 o - 47 arrows of dispersal
 X - 23 arrows of frost
Armour
 b - a +2 pair of boots (worn)
 I - a +0 pair of gloves (worn)
 K - a +1 cloak (worn)
 S - a +1 chain mail of fire resistance
 T - a +1 plate armour (worn)
Jewellery
 c - a +4 amulet of reflection
 e - a +3 ring of protection (left hand)
 m - an uncursed ring of poison resistance
 v - a +4 ring of strength (right hand)
 w - a +5 amulet of reflection (around neck)
 R - an uncursed ring of protection from magic
Wands
 a - a wand of paralysis (13/24)
 j - a wand of flame (31/48)
 t - a wand of disintegration (12/24)
 u - a wand of acid (15/15)
 D - a wand of paralysis (7/24)
Scrolls
 k - 3 scrolls of fear
 l - 5 scrolls of remove curse
 q - a scroll of enchant weapon {unknown}
 s - a scroll of noise {unknown}
 y - 2 scrolls of magic mapping
 B - 2 scrolls of fog
 E - 8 scrolls of teleportation
 G - a scroll of acquirement {unknown}
 H - 12 scrolls of identify
 N - 3 scrolls of recharging
 O - a scroll of blinking {unknown}
 P - a scroll of holy word {unknown}
 Q - a scroll of enchant armour
Potions
 g - 6 potions of curing
 h - a potion of mutation
 i - 4 potions of resistance
 p - a potion of cancellation
 r - a potion of degeneration {unknown}
 x - 3 potions of flight
 z - a potion of ambrosia {unknown}
 A - a potion of cure mutation
 J - a potion of agility
 L - a potion of brilliance
Comestibles
 f - 15 bread rations
 C - 5 chunks of flesh


   Skills:
 + Level 13.6(13.1) Fighting
 - Level 18.2(17.6) Axes
 * Level 7.9(7.5) Bows
 + Level 11.7(11.3) Armour
   Level 3.4(3.0) Shields
 + Level 6.1(5.7) Evocations


You had 13 spell levels left.
You didn't know any spells.

Dungeon Overview and Level Annotations

Branches:
Dungeon (10/15)            Temple (1/1) D:5            Lair (7/8) D:9
 Shoals (0/4) Lair:5        Snake (0/4) Lair:3        Slime (0/6) Lair:7
    Orc (2/2) D:10            Elf (0/3) Orc:2

Altars:
Ashenzari
Cheibriados
Dithmenos
Elyvilon
Fedhas
Gozag
Kikubaaqudgha
Makhleb
Nemelex Xobeh
Okawaru
Pakellas
Qazlal
Ru
Sif Muna
Trog
Vehumet
Xom
Yredelemnul
Zin
The Shining One
Jiyva

Shops:
D:6 *[%[   D:7 *   D:10 [

Annotations:
D:9 exclusion: orange crystal statue


Message History

You slash the warg!
The warg is heavily wounded.
You hit the orc warrior but do no damage.
The orc warrior is moderately wounded.
The warg bites you!
An orc comes into view. It is wielding a club.
You barely miss the orc knight.
Your plate armour prevents you from hitting the orc warrior.
The orc warrior is moderately wounded.
You barely miss the warg.
The warg is heavily wounded.
The orc shouts!
The orc knight hits you with a bardiche!!!
* * * LOW HITPOINT WARNING * * *
The warg barely misses you.
You hear a shout! x2
The orc warrior hits you with a halberd!
* * * LOW HITPOINT WARNING * * *
The orc knight hits you from afar with a bardiche!!
You die...

... ... ####....#.##[##
.....##..##..#....#.#...#
......#...#..'......#...#
#.........#..#.####.#####
##........####.#.[#......
8...8...8.####.)).#.)...#
..ooo....)'....#..#..⌠..#
8...8..o8.####.####...)(#
#....oh@.# #......).).#
#.....o.[.# ####.#####.#
......#...# (..# #..
.....##..## (.. #.# .....
...# ... #.# .... #...#
..# ... ....# .### ...
#...## #. #


You could see an orc warlord, an orc knight (frenzied), a warg, 3 orc warriors
and an orc (frenzied).

Vanquished Creatures
  Rupert (Lair:6)
  Gastronok (D:9)
  Maud (Lair:4)
  2 hydras (Lair:5)
  A centaur warrior (D:10)
  3 death yaks (Lair:5)
  An orc high priest (Orc:2)
  A griffon (Lair:6)
  4 orc sorcerers (Orc:2)
  Maurice (D:9)
  2 black mambas
  A torpor snail (Lair:5)
  9 spiny frogs
  9 komodo dragons
  A rime drake (Lair:2)
  2 trolls (Orc:2)
  3 two-headed ogres
  17 blink frogs
  A spriggan (D:7)
  4 wyverns
  5 yaks (Lair:5)
  2 hogs (Volcano)
  4 fire bats
  2 hungry ghosts
  A basilisk (Lair:7)
  8 hippogriffs
  2 wargs (D:9)
  A naga (Lair:3)
  10 water moccasins
  4 porcupines
  An ice beast (D:7)
  16 orc warriors
  A wasp (D:9)
  2 sky beasts
  A black bear (D:6)
  A necrophage (D:9)
  8 centaurs
  4 phantoms
  11 ogres
  15 wolves
  5 crocodiles
  Blork the orc (D:5)
  17 giant frogs
  A wyvern skeleton (D:6)
  4 scorpions
  8 killer bees (D:9)
  An electric eel (Lair:5)
  A howler monkey (D:6)
  7 wights
  2 centaur zombies
  5 crimson imps
  A wasp zombie (D:5)
  3 giant frog zombies
  3 giant frog skeletons
  6 hounds
  11 orc priests
  A gnoll shaman (D:7)
  2 jellies
  8 orc wizards
  5 iguanas
  4 worker ants
  13 sheep
  A hound skeleton (D:4)
  A worker ant zombie (D:8)
  13 gnolls
  39 river rats
  13 adders
  A howler monkey skeleton (D:6)
  2 oozes
  An adder skeleton (D:8)
  A worm (D:2)
  4 dart slugs
  11 giant geckos
  54 orcs
  6 bats
  2 giant cockroaches
  8 goblins
  8 hobgoblins
  4 jackals (D:3)
  6 quokkas
  A giant gecko zombie (D:7)
  6 giant newts
  4 kobolds
  A quokka zombie (D:8)
  7 rats
  2 fungi
469 creatures vanquished.

Vanquished Creatures (collateral kills)
  2 death yaks (Lair:5)
2 creatures vanquished.

Vanquished Creatures (others)
  A deep elf mage (Volcano)
  A porcupine (Lair:7)
  An orc warrior (Volcano)
  4 centaurs
  A kobold (D:3)
  5 fungi
13 creatures vanquished.

Grand Total: 484 creatures vanquished

Notes
Turn   | Place    | Note
--------------------------------------------------------------
     0 | D:1      | Omaping the Hill Orc Fighter began the quest for the Orb.
     0 | D:1      | Reached XP level 1. HP: 19/19 MP: 1/1
    24 | D:1      | Reached XP level 2. HP: 16/27 MP: 2/2
   151 | D:1      | Reached skill level 3 in Axes
   663 | D:1      | Reached skill level 4 in Axes
   663 | D:1      | Reached XP level 3. HP: 30/33 MP: 3/3
  1075 | D:2      | Reached skill level 5 in Axes
  1129 | D:2      | Reached XP level 4. HP: 12/40 MP: 4/4
  1815 | D:3      | Noticed a centaur
  2016 | D:3      | Reached skill level 6 in Axes
  2021 | D:3      | Reached XP level 5. HP: 31/46 MP: 5/5
  2311 | D:3      | Found an oddly glowing altar of Pakellas.
  2664 | D:3      | HP: 2/46 [centaur (3)]
  2665 | D:3      | Killed a centaur
  2665 | D:3      | Reached skill level 7 in Axes
  2665 | D:3      | Reached XP level 6. HP: 2/52 MP: 6/6
  3223 | D:3      | Found a sparkling altar of Nemelex Xobeh.
  3658 | D:4      | Reached skill level 8 in Axes
  4030 | D:4      | Found a bloodstained altar of Trog.
  4034 | D:4      | Found a stormy altar of Qazlal.
  4041 | D:4      | Became a worshipper of Trog the Wrathful
  4229 | D:5      | Entered Level 5 of the Dungeon
  4330 | D:5      | Found an ancient bone altar of Kikubaaqudgha.
  4330 | D:5      | Found a shattered altar of Ashenzari.
  4398 | D:5      | Noticed Blork the orc
  4419 | D:5      | Killed Blork the orc
  4419 | D:5      | Reached XP level 7. HP: 56/60 MP: 7/7
  4705 | D:5      | Reached skill level 5 in Fighting
  4705 | D:5      | Reached skill level 5 in Armour
  4765 | D:4      | Reached skill level 9 in Axes
  4948 | D:5      | Reached XP level 8. HP: 61/68 MP: 8/8
  4949 | D:5      | Reached * piety under Trog
  5416 | D:5      | Found a staircase to the Ecumenical Temple.
  5422 | Temple   | Entered the Ecumenical Temple
  5972 | D:6      | Found Serricoa's Armour Shoppe.
  5979 | D:6      | Bought a +2 pair of boots for 214 gold pieces
  6012 | D:6      | Reached skill level 10 in Axes
  6042 | D:6      | Found Esuvosi's Assorted Antiques.
  6045 | D:6      | Bought a fuming white potion for 27 gold pieces
  6045 | D:6      | Bought a scroll labeled DOZXOSSUREA for 30 gold pieces
  6045 | D:6      | Bought a scroll labeled POIL BEIDOAM for 30 gold pieces
  6246 | D:6      | Found Keseitzo's Food Emporium.
  6498 | D:6      | Reached skill level 11 in Axes
  6711 | D:6      | Found Plog's Armour Shoppe.
  6799 | D:5      | Reached XP level 9. HP: 69/75 MP: 9/9
  6882 | D:7      | Found Wymia's Assorted Antiques.
  6913 | D:7      | Found a sparkling altar of Nemelex Xobeh.
  7129 | D:7      | Reached skill level 12 in Axes
  7650 | D:7      | Reached skill level 13 in Axes
  8061 | D:8      | Reached XP level 10. HP: 63/86 MP: 10/10
  8224 | D:8      | Reached skill level 14 in Axes
  8512 | D:8      | Reached ** piety under Trog
  9159 | D:7      | Found a deep blue altar of Sif Muna.
  9480 | D:9      | Found a blossoming altar of Fedhas.
  9515 | D:9      | Noticed Maurice
  9524 | D:9      | Killed Maurice
  9532 | D:9      | Noticed Gastronok
  9534 | D:9      | Found a staircase to the Lair.
  9544 | D:9      | Reached skill level 15 in Axes
  9578 | D:9      | Killed Gastronok
  9578 | D:9      | Reached skill level 16 in Axes
  9578 | D:9      | Reached XP level 11. HP: 95/95 MP: 11/11
  9672 | D:9      | Reached *** piety under Trog
  9803 | D:9      | Noticed an orange crystal statue
  9987 | D:9      | Found a shadowy altar of Dithmenos.
 10290 | D:10     | Entered Level 10 of the Dungeon
 10429 | D:10     | Found Yghew's Specialty Armours.
 10429 | D:10     | Noticed a centaur warrior
 10437 | D:10     | Killed a centaur warrior
 10716 | D:10     | Reached skill level 17 in Axes
 10743 | D:10     | Found a staircase to the Orcish Mines.
 10907 | Lair:1   | Entered Level 1 of the Lair of Beasts
 11128 | Lair:1   | Reached skill level 10 in Fighting
 11525 | Lair:2   | Reached **** piety under Trog
 12768 | Lair:3   | Found a staircase to the Snake Pit.
 13371 | Lair:4   | Reached XP level 12. HP: 83/110 MP: 12/12
 13615 | Lair:4   | Noticed Maud
 13640 | Lair:4   | Killed Maud
 13640 | Lair:4   | Reached skill level 18 in Axes
 14282 | Lair:4   | Reached skill level 10 in Armour
 15000 | Lair:5   | Reached skill level 1 in Bows
 15044 | Lair:5   | Reached skill level 1 in Evocations
 15053 | Lair:5   | Noticed a seven-headed hydra
 15053 | Lair:5   | Reached ***** piety under Trog
 15067 | Lair:5   | Killed a seven-headed hydra
 15331 | Lair:5   | Noticed a five-headed hydra
 15350 | Lair:5   | Killed a five-headed hydra
 15515 | Lair:5   | Noticed a death yak
 15516 | Lair:5   | Noticed a death yak
 15517 | Lair:5   | Noticed a death yak
 15541 | Lair:5   | Killed a death yak
 15542 | Lair:5   | Noticed a death yak
 15542 | Lair:5   | Noticed a death yak
 15546 | Lair:5   | Killed a death yak
 15569 | Lair:5   | Killed a death yak
 15570 | Lair:5   | Killed a death yak
 15570 | Lair:5   | Reached XP level 13. HP: 47/119 MP: 15/15
 16209 | Lair:5   | Reached skill level 5 in Bows
 16221 | Lair:5   | Found a staircase to the Shoals.
 16384 | Lair:5   | Gained mutation: Your spells are a little harder to cast, but a little more powerful. [potion of mutation]
 16384 | Lair:5   | Gained mutation: Your body sometimes deteriorates upon taking damage. [potion of mutation]
 16384 | Lair:5   | Gained mutation: You are resistant to hostile enchantments. [potion of mutation]
 16505 | Lair:6   | Noticed Rupert
 16535 | Lair:6   | Killed Rupert
 17890 | Lair:7   | Found a dark tunnel.
 17903 | Volcano  | Entered a volcano
 17923 | Volcano  | Reached skill level 5 in Evocations
 18552 | Lair:7   | Found a viscous altar of Jiyva.
 18553 | Lair:7   | Found a staircase to the Slime Pits.
 18621 | Lair:7   | HP: 4/122 [catoblepas (22)]
 19449 | Lair:7   | Received a gift from Trog
 19935 | Lair:2   | Lost mutation: You are resistant to hostile enchantments. [potion of cure mutation]
 19935 | Lair:2   | Lost mutation: Your body sometimes deteriorates upon taking damage. [potion of cure mutation]
 19935 | Lair:2   | Lost mutation: Your spells are a little harder to cast, but a little more powerful. [potion of cure mutation]
 19992 | Lair:1   | You fall through a shaft!
 20062 | Orc:1    | Entered Level 1 of the Orcish Mines
 20083 | Orc:2    | Entered Level 2 of the Orcish Mines
 20209 | Orc:2    | Received a gift from Trog
 20545 | Orc:2    | Found a staircase to the Elven Halls.
 20622 | Orc:2    | Reached XP level 14. HP: 91/129 MP: 18/18
 20631 | Orc:2    | Received a gift from Trog
 20939 | Orc:2    | Noticed an orc warlord
 20942 | Orc:2    | Mangled by an orc knight

Vault maps used:
D:1:      minmay_arrival_five_plusses, patterned_corridor
D:3:      grunt_pakellas_mercury, nemelex_altar_shiori
D:4:      grunt_temple_overflow_open, first_bread, lightli_corner_chamber
D:5:      lemuel_ice_spiral_2, gammafunk_temple_overflow_pools,
          minmay_temple_entry_fiery, serial_glass, glass_columns_a,
          glass_columns_b, grunt_ministairs_4, uniq_blork_the_orc
D:6:      serial_shops, kennysheep_mini, shop, nicolae_shop_stone,
          kennysheep_little_box
D:7:      nicolae_overflow_hidden_temple, serial_shops, shop, the_bakery,
          nemelex_spade_bored_becter
D:9:      fedhas_bush_and_centaur_altar, lemuel_crystal_altar,
          erik_lair_orcish_takeover, hangedman_decor_slide_cut, minivault_16,
          uniq_gastronok, uniq_maurice
D:10:     orc_0_dummy, eino_tiny_chamber, nicolae_barding_shop
Temple:   circular_temple_12
Lair:1:   minivault_25
Lair:3:   guppyfry_snake_entry_island
Lair:4:   uniq_maud
Lair:5:   statuecave_lemuel, minmay_shoals_entry_centaurs
Lair:6:   uniq_rupert
Lair:7:   dpeg_slime_entry_enclosed_altar, nicolae_volcano_entry_batcave
Orc:1:    basic_altar, portal_ice_cave_entry_ice_beasts,
          nicolae_orc_damp_corner, nicolae_orc_stony_grotto,
          statue_in_the_mist_lemuel, rock_pile
Orc:2:    pubby_orc_utopia
Volcano:  volcano_village

Skill      XL: |  1  2  3  4  5  6  7  8  9 10 11 12 13 |
---------------+----------------------------------------+-----
Axes           | 4 5 6 7 8 9 11 13 16 17 18 | 18.2
Fighting       | 4 5 6 7 8 11 12 13 | 13.6
Armour         | 4 5 6 7 8 9 10 11 | 11.7
Bows           | 4 7 |  7.9
Evocations     | 3 6 |  6.1
Shields        | |  3.4

Action                   |  1- 3 |  4- 6 |  7- 9 | 10-12 | 13-15 || total
-------------------------+-------+-------+-------+-------+-------++-------
Melee: War axe           |    97 |   168 |   316 |   458 |   128 ||  1167
       Broad axe         |       |       |       |   326 |   218 ||   544
       Mace              |       |       |       |    17 |       ||    17
       Battleaxe         |       |       |       |       |    75 ||    75
Invok: Burn Spellbooks   |       |       |     1 |     3 |     1 ||     5
       Berserk           |       |       |       |     4 |     4 ||     8
       Trog's Hand       |       |       |       |     1 |       ||     1
       Brothers in Arms  |       |       |       |     1 |       ||     1
  Use: Potion            |       |     5 |     2 |     5 |     7 ||    19
       Scroll            |       |     6 |     4 |     5 |     5 ||    20
 Stab: Distracted        |       |       |       |       |     1 ||     1
  Eat: Chunk             |     1 |     1 |     8 |    16 |     3 ||    29
       Meat ration       |       |     2 |     1 |       |     1 ||     4
       Royal jelly       |       |       |       |     2 |     1 ||     3
       Fruit             |       |       |       |     1 |       ||     1
       Bread ration      |       |       |       |     2 |     3 ||     5
